 Dungeon Crawl Stone Soup version 0.31-a0-182-gc5ef74bbde (webtiles) character file.

Game seed: 14182612326428559183

71 qw the Chopper (level 4, -1/28 HPs)
             Began as a Gargoyle Fighter on June 20, 2023.
             Slain by a goblin
             ... wielding a +0 club
             ... led by Robin
              (4 damage)
             ... on level 3 of the Dungeon.
             The game lasted 00:00:41 (1656 turns).

qw the Chopper (Gargoyle Fighter)                   Turns: 1656, Time: 00:00:42

Health: -1/28      AC: 10    Str: 21    XL:     4   Next: 24%
Magic:  4/4        EV:  9    Int:  9    God:
Gold:   101        SH:  4    Dex:  9    Spells: 3/3 levels left

rFire   . . .        Y - +0 war axe
rCold   . . .        c - +0 buckler
rNeg    + . .        b - +0 scale mail
rPois   inf          (no helmet)
rElec   +            (no cloak)
rCorr   .            (no gloves)
SInv    .            (no boots)
Will    .....        (no amulet) Stlth
                     (no ring)
HPRegen 0.24/turn    (no ring)
MPRegen 0.09/turn

%: no passive effects
@: no status effects
A: sickness immunity, AC +3, negative energy resistance 1, electricity
resistance, torment resistance 1, petrification resistance
a: no special abilities


You were on level 3 of the Dungeon.
You visited 1 branch of the dungeon, and saw 3 of its levels.

You collected 101 gold pieces.


Innate Abilities, Weirdness & Mutations

You are immune to sickness and miasma.
Your stone body is resilient. (AC +3)
You are immune to poison.
You resist negative energy. (rN+)
You are resistant to electric shocks. (rElec)
You are resistant to unholy torment.
You are immune to petrification.


   Skills:
 - Level 3.2 Fighting
 + Level 4.0 Axes
 - Level 3.2 Armour
 - Level 3.2 Shields


You had 3 spell levels left.
You didn't know any spells.
Your spell library was empty.

Inventory:

Hand Weapons
 j - a +0 mace
 Y - a +0 war axe (weapon)
Armour
 b - a +0 scale mail (worn)
 c - a +0 buckler (worn)
Potions
 d - a potion of might
 e - 2 potions of curing
 g - a potion of degeneration {unknown}

Dungeon Overview and Level Annotations

Branches:
Dungeon (3/15)

Altars:


Message History

Robin is almost dead.
You slash the hobgoblin!
You kill the hobgoblin!
Robin roars a battlecry!
The goblin goes into a battle-frenzy!
A goblin comes into view. It is wielding a +0 club.
You hit Robin but do no damage.
Robin is almost dead.
You hit the goblin.
You kill the goblin!
Robin roars a battlecry!
The goblin goes into a battle-frenzy!
Robin throws the goblin at you!
You have reached level 4!
You feel clever.
You completely miss Robin.
Robin is almost dead.
You completely miss the goblin. You block the goblin's attack.
Robin hits you with a +0 spear.
You slash Robin!
You kill Robin!
You hit the frilled lizard.
You kill the frilled lizard!
You hit the goblin. The goblin barely misses you.
Your Axes skill increases to level 4!
You barely miss the goblin.
The goblin is almost dead.
You hit the hobgoblin.
The hobgoblin no longer looks unusually strong.
The hobgoblin hits you but does no damage.
The goblin closely misses you. You block the goblin's attack.
The hobgoblin hits you.
You slash the hobgoblin!
You kill the hobgoblin!
You closely miss the goblin. The goblin hits you but does no damage.
You barely miss the goblin.
The goblin is almost dead.
The goblin hits you with a +0 club.
You die...

# ##### #..
#...
#....###)###
........)g.#
########.#@#
#.##.#))...#
#<...####.##
###### #


You could see a goblin (strong).

Vanquished Creatures
  Robin (D:3)
  A gnoll (D:1)
  3 worms (D:2)
  A dart slug (D:1)
  2 bats (D:1)
  2 endoplasms
  A giant cockroach (D:1)
  9 goblins
  5 hobgoblins
  3 kobolds
  A quokka (D:1)
  A ball python (D:1)
  2 frilled lizards
  5 rats
37 creatures vanquished.

Notes
Turn   | Place    | Note
-------+----------+-------------------------------------------
     0 | D:1      | qw the Gargoyle Fighter began the quest for the Orb.
     0 | D:1      | Reached XP level 1. HP: 14/14 MP: 1/1
     0 | D:1      | 0 ||| qw: Version: 0.3-a-9-g12657ce
     0 | D:1      | 0 ||| qw: Game counter: 1267
     0 | D:1      | 0 ||| qw: Always use a shield: true
     0 | D:1      | 0 ||| qw: God list: Okawaru
     0 | D:1      | 0 ||| qw: Allow faded altars: false
     0 | D:1      | 0 ||| qw: Do Orc after D:15 true
     0 | D:1      | 0 ||| qw: Do second Lair branch before Depths: true
     0 | D:1      | 0 ||| qw: Lair rune preference: random
     0 | D:1      | 0 ||| qw: Plans: Normal, Zot:1-4, Slime:5, God:TSO, Crypt,
                  | Tomb, Abyss, Pan, Hells, Win
     0 | D:1      | 0 ||| PLANNING D:1-11
    55 | D:1      | Reached skill level 2 in Axes
   131 | D:1      | Reached XP level 2. HP: 18/19 MP: 2/2
   136 | D:1      | 136 ||| DROPPING +0 club.
   301 | D:1      | 301 ||| Stepping ~*~*~tactically~*~*~ (stealth).
   311 | D:1      | Reached skill level 3 in Axes
   501 | D:1      | 501 ||| Stepping ~*~*~tactically~*~*~ (hiding).
   512 | D:1      | Reached XP level 3. HP: 23/23 MP: 3/3
   723 | D:1      | 723 ||| READING scroll labelled REUNORPH TUEPN.
   724 | D:1      | 724 ||| READING scroll labelled SYETTEMP RASA.
   725 | D:1      | 725 ||| DRINKING 2 fuming inky potions.
  1060 | D:2      | HP: 4/23 [worm (5)]
  1171 | D:2      | 1171 ||| DROPPING +0 whip.
  1568 | D:2      | 1568 ||| DROPPING +6 ring of intelligence.
  1569 | D:2      | 1569 ||| READING scroll labelled GENUQ QUSIA.
  1570 | D:2      | 1570 ||| READING scroll labelled IZXALUACHE.
  1634 | D:3      | 1634 ||| Stepping ~*~*~tactically~*~*~ (hiding).
  1640 | D:3      | Noticed Robin
  1647 | D:3      | HP: 4/23 [Robin/+0 spear (3)]
  1652 | D:3      | Reached XP level 4. HP: 5/28 MP: 4/4
  1652 | D:3      | HP: 4/28 [Robin/+0 spear (1)]
  1653 | D:3      | Killed Robin
  1654 | D:3      | Reached skill level 4 in Axes
  1656 | D:3      | Slain by a goblin

Levels and vault maps discovered:
D:1:      dpeg_arrival_stonehenge_8_columns, layout_basic
D:2:      layout_basic
D:3:      layout_basic, uniq_robin

Skill      XL: |  1  2  3  4 |
---------------+-------------+-----
Axes           | 2 3 4 |  4.0
Fighting       | |  3.2
Armour         | |  3.2
Shields        | |  3.2

Action                     |  1- 3 |  4- 6 || total
---------------------------+-------+-------++-------
  Melee: War axe           |    98 |     5 ||   103
    Use: Scroll            |     4 |       ||     4
         Potion            |     1 |       ||     1
 Armour: Scale mail        |    45 |     2 ||    47
  Dodge: Dodged            |    41 |     2 ||    43
  Block: Buckler           |    13 |     2 ||    15

Table legend:
 A = Non-vault XP
 B = Vault XP
 C = Vault XP percentage of total XP
 D = Non-vault monster count
 E = Vault monster count
 F = Vault count percentage of total count
                 A         B        C        D         E       F
            +---------+---------+-------+---------+---------+-------
      Total |      72 |      30 |  29.4 |      29 |       8 |  21.6
            +---------+---------+-------+---------+---------+-------
        D:1 |      49 |       0 |   0.0 |      20 |       0 |   0.0
        D:2 |      22 |       0 |   0.0 |       8 |       0 |   0.0
        D:3 |       1 |      30 |  96.8 |       1 |       8 |  88.9
            +---------+---------+-------+---------+---------+-------
